 Dungeon Crawl Stone Soup version 0.31-a0-1611-g890cdf5628 (webtiles) character file.

Game seed: 6615687814147752851

259 Strat the Ruffian (level 5, -2/42 HPs)
             Began as a Draconian Shapeshifter on Jan 8, 2024.
             Was an Initiate of Wu Jian.
             Slain by a mummy (9 damage)
             ... in an ossuary.
             The game lasted 00:07:07 (3643 turns).

Strat the Ruffian (Draconian Shapeshifter)          Turns: 3643, Time: 00:07:08

Health: -2/42      AC:  5    Str: 24    XL:     5   Next: 94%
Magic:  5/5        EV: 17    Int: 10    God:    Wu Jian [......]
Gold:   179        SH:  5    Dex: 11    Spells: 4/4 levels left

rFire   . .          .
                       - Unarmed
rCold   . . .        (no shield)
rNeg    . . .        (body armour unavailable)
rPois   .            (helmet currently unavailable)
rElec   .            (cloak currently unavailable)
rCorr   .            (gloves currently unavailable)
SInv    .            (boots currently unavailable)
Will    .....        r - amulet of reflection
Stlth   +            l - +6 ring of strength
HPRegen 0.27/turn    t - +5 ring of evasion
MPRegen 0.09/turn

%: reflection
@: beast-form
A: beast (slay +2), AC +5, unfitting armour, cold-blooded
a: Begin Untransformation, Renounce Religion


You were in an ossuary.
You worshipped Wu Jian.
Wu Jian was noncommittal.
You were a hulking beast.
You visited 2 branches of the dungeon, and saw 5 of its levels.
You also visited: Ossuary.

You collected 179 gold pieces.

Inventory:

Hand Weapons
 d - a +2 quarterstaff of speed
Missiles
 s - 3 javelins
Armour
 i - a +0 pair of boots
Jewellery
 l - a +6 ring of strength (left hand)
 r - an amulet of reflection (around neck)
 t - a +5 ring of evasion (right hand)
 w - a ring of protection from cold
Talismans
 b - a beast talisman
 c - a flux talisman
 g - a serpent talisman
Scrolls
 e - a scroll of brand weapon {unknown}
 h - 6 scrolls of identify {unknown}
 k - a scroll of blinking {unknown}
 m - a scroll of fear {unknown}
 n - a scroll of poison {unknown}
 o - a scroll of revelation {unknown}
 p - a scroll of torment {unknown}
 q - a scroll of teleportation {unknown}
 x - a scroll of enchant weapon {unknown}
Potions
 a - a potion of lignification
 f - 2 potions of brilliance {unknown}
 j - 2 potions of invisibility {unknown}
 u - a potion of haste {unknown}
 v - a potion of resistance {unknown}


   Skills:
 + Level 2.6 Fighting
 - Level 2.3 Dodging
 * Level 4.8 Unarmed Combat
 * Level 4.4 Shapeshifting


You had 4 spell levels left.
You didn't know any spells.
Your spell library contained the following spells:

 Spells                   Type           Power      Damage    Failure   Level
 Mercury Vapours          Alch/Air       0%         N/A       50%         2
 Mephitic Cloud           Conj/Alch/Air  0%         N/A       75%         3
 Freezing Cloud           Conj/Ice/Air   0%         6-21      100%        5
 Iskenderun's Battlesphe  Conj           0%         2d6       100%        5
 Bombard                  Conj/Erth      0%         9d1       100%        6
 Spellforged Servitor     Conj/Summ      0%         N/A       100%        7


Dungeon Overview and Level Annotations

Branches:
Dungeon (4/15)             Temple (1/1) D:4         Ossuary (1/1)

Altars:
Ashenzari
Elyvilon
Fedhas
Gozag
Hepliaklqana
Kikubaaqudgha
Makhleb
Nemelex Xobeh
Qazlal
Trog
Vehumet
Wu Jian
Xom
Yredelemnul
Zin
The Shining One


Innate Abilities, Weirdness & Mutations

You are a hulking beast.
Your limbs bulge with bestial killing power. (Slay +2)
Your plain brown scales are hard. (AC +5)
You cannot fit into any form of body armour.
You are cold-blooded and may be slowed by cold attacks.


Message History

No target in view!
There is an empty arch of ancient stone here.
A kobold zombie and 2 mummies come into view. 2 mummies and a hobgoblin zombie come into view.
There is an empty arch of ancient stone here.
Okay, then.
There is a gate leading back out of this place here.
You closely miss the kobold zombie. The kobold zombie hits you.
You hit the kobold zombie.
The kobold zombie is moderately damaged.
You barely miss the kobold zombie.
Your tail-slap misses the kobold zombie.
The kobold zombie is moderately damaged.
You block the kobold zombie's attack.
You punch the kobold zombie!
You destroy the kobold zombie!
The Council accepts your kill. The hobgoblin zombie hits you.
You hit the hobgoblin zombie.
The hobgoblin zombie is severely damaged.
You punch the hobgoblin zombie!
You destroy the hobgoblin zombie!
The Council accepts your kill.
You hit the mummy. You tail-slap the mummy.
The mummy is moderately damaged.
The mummy hits you!
You punch the mummy!
The mummy is severely damaged.
You completely miss the mummy. You block the mummy's attack.
You hit the mummy.
You destroy the mummy!
The Council accepts your kill.
You hit the mummy. You punch the mummy.
The mummy is heavily damaged.
The mummy hits you!
* * * LOW HITPOINT WARNING * * *
You block the mummy's attack. The mummy hits you!
* * * LOW HITPOINT WARNING * * *
The mummy hits you!
You die...

#......
#....#
#....#
#....#
#....#
#....#
#....#
#M...#
#Mh..#
#.M∩.#
######


You could see 3 mummies.

Vanquished Creatures
  Terence (D:3)
  2 orc wizards
  A mummy (Ossuary)
  6 adders
  2 gnolls (D:4)
  2 dart slugs
  15 orcs
  6 ball pythons
  2 bats
  6 endoplasms
  A giant cockroach (D:4)
  A gnoll zombie (Ossuary)
  4 hobgoblins
  A quokka (D:1)
  A frilled lizard (D:1)
  11 goblins
  2 hobgoblin zombies (Ossuary)
  9 kobolds
  2 kobold zombies (Ossuary)
  An orc zombie (Ossuary)
  7 rats
83 creatures vanquished.

Notes
Turn   | Place    | Note
-------+----------+-------------------------------------------
     0 | D:1      | Strat the Draconian Shapeshifter began the quest for the
                  | Orb.
     0 | D:1      | Reached XP level 1. HP: 16/16 MP: 1/1
   489 | D:1      | Reached XP level 2. HP: 20/23 MP: 2/2
  1060 | D:2      | Reached XP level 3. HP: 25/28 MP: 3/3
  2028 | D:3      | Reached XP level 4. HP: 30/36 MP: 4/4
  2139 | D:3      | Found a radiant altar of Vehumet.
  2440 | D:3      | Found a bloodstained altar of Trog.
  2729 | D:3      | Found an opulent altar of Gozag.
  2977 | D:3      | Reached XP level 5. HP: 41/41 MP: 5/5
  2981 | D:3      | Noticed Terence
  3003 | D:3      | Killed Terence
  3407 | D:4      | Found a staircase to the Ecumenical Temple.
  3413 | Temple   | Entered the Ecumenical Temple
  3435 | Temple   | Became a worshipper of the Wu Jian Council
  3548 | D:4      | Found a sand-covered staircase.
  3564 | Ossuary  | Entered an ossuary
  3643 | Ossuary  | Slain by a mummy

Illustrated notes

Levels and vault maps discovered:
D:1:      matt_arrival_spirals, layout_basic, minmay_misc_feat_roman
D:2:      layout_loops_corners
D:3:      layout_basic, trog_hazing_becter, mainiacjoe_overflow_cross_hatched,
          mainiacjoe_overflow_brackets, uniq_terence
D:4:      layout_loops_ring, hangedman_ru_absence, minmay_temple_entry_waves,
          nicolae_ossuary_entry_false_entrances, serial_bayou_pond_b,
          chequers_hall_statues_corner_a
Temple:   nicolae_temple_bog_church
Ossuary:  ossuary_tomb_3

Skill      XL: |  1  2  3  4 |
---------------+-------------+-----
Dodging        | 2 |  2.3
Fighting       | 2 |  2.6
Unarmed Combat | 4 |  4.8
Shapeshifting  | 4 |  4.4

Action                     |  1- 3 |  4- 6 || total
---------------------------+-------+-------++-------
  Melee: Unarmed           |    94 |   163 ||   257
         Tailslap          |    11 |    14 ||    25
         Punch             |     1 |     5 ||     6
  Throw: Throwing net      |       |     1 ||     1
Ability: Lunge             |       |     2 ||     2
 Armour: Skin              |    40 |    63 ||   103
  Dodge: Dodged            |    66 |    82 ||   148
  Block: Other             |       |    10 ||    10

Table legend: (Time is in decaauts)
 A = Elapsed time spent in this place.
 B = Non-inter-level travel time spent in this place.
 C = Inter-level travel time spent in this place.
 D = Time resting spent in this place.
 E = Time spent auto-exploring this place.
 F = Levels seen in this place.
 G = Mean time per level.
                   A        B        C        D        E       F      G
               +--------+--------+--------+--------+--------+-----+--------+
         Total |   3630 |   3525 |    105 |    287 |   2369 |   6 |  605.0 |
       Dungeon |   3508 |   3445 |     63 |    282 |   2368 |   4 |  877.0 |
        Temple |     44 |      2 |     42 |      0 |      0 |   1 |   44.0 |
       Ossuary |     77 |     77 |      0 |      5 |      1 |   1 |   77.0 |
               +--------+--------+--------+--------+--------+-----+--------+

Top non-repeatable levels by time:
     D:1: 1029 daAuts
     D:3: 1023 daAuts
     D:2: 1022 daAuts
     D:4: 433 daAuts
 Ossuary: 77 daAuts
  Temple: 44 daAuts
